 Dungeon Crawl Stone Soup version 0.29.1-12-g30fa7ad0bf (webtiles) character file.

Game seed: 9852286891385887151

98 hawla the Chiller (level 5, -6/38 HPs)
             Began as a Meteoran Ice Elementalist on Dec 28, 2022.
             Mangled by a gnoll
             ... wielding a +0 halberd
             ... led by a gnoll bouda
              (7 damage)
             ... on level 4 of the Dungeon.
             The game lasted 00:05:38 (498 turns).

hawla the Chiller (Meteoran Ice Elementalist)        Turns: 498, Time: 00:05:39

Health: -6/38      AC:  3    Str: 10    XL:     5   Next: 21%
Magic:  2/10       EV: 12    Int: 18    God:
Gold:   85         SH:  0    Dex: 14    Spells: 2/10 levels left

rFire   . . .      SeeInvis .   (no weapon)
rCold   . . .      Faith    .   (no shield)
rNeg    . . .      Spirit   .   a - +0 robe
rPois   .          Reflect  .   (no helmet)
rElec   .          Harm     .   (no cloak)
rCorr   +          Rampage  .   (no gloves)
Will    .....                   h - +0 pair of boots
Stlth   +.........              (no amulet)
HPRegen 0.12/turn               c - ring of resist corrosion
MPRegen 0.12/turn               (no ring)

@: weakened, freezing walls, very slightly contaminated, glowing
A: sense surroundings 1, otherworldly, glowing, explore regen
a: no special abilities


You were on level 4 of the Dungeon.
You visited 1 branch of the dungeon, and saw 4 of its levels.

You collected 85 gold pieces.

Inventory:

Armour
 a - a +0 robe (worn)
 h - a +0 pair of boots (worn)
Jewellery
 c - a ring of resist corrosion (left hand)
Scrolls
 g - a scroll of silence
Potions
 d - a potion of brilliance {unknown}


   Skills:
 - Level 2.5 Dodging
 - Level 1.4 Stealth
 - Level 3.2 Spellcasting
 + Level 3.0 Conjurations
 - Level 5.4 Ice Magic


You had 2 spell levels left.
You knew the following spells:

 Your Spells              Type           Power      Damage    Failure   Level
a - Freeze                Ice            88%        1d10      1%          1
b - Frozen Ramparts       Ice            44%        1d7       5%          3
c - Hailstorm             Conj/Ice       18%        3d6       28%         4

Your spell library contained the following spells:

 Spells                   Type           Power      Damage    Failure   Level
 Sublimation of Blood     Necr           2%         N/A       24%         2
 Wereblood                Tmut           2%         N/A       24%         2
 Ozocubu's Armour         Ice            22%        N/A       5%          3
 Animate Dead             Necr           2%         N/A       85%         4
 Borgnjor's Vile Clutch   Necr/Erth      1%         N/A       99%         5
 Death Channel            Necr           1%         N/A       100%        6
 Summon Hydra             Summ           1%         N/A       100%        7


Dungeon Overview and Level Annotations

Branches:
Dungeon (4/15) Zot: 1900
 Temple: D:4-7

Altars:
Trog

Annotations:
D:4 Blork the orc


Innate Abilities, Weirdness & Mutations

You passively map a small area around you.
You are easily found by Zot.
You glow in the dark.
You regain HP and MP as you explore.


Message History

You freeze the gnoll!
The gnoll is severely wounded.
The wall freezes the gnoll.
The gnoll hits you with a +0 flail!
The gnoll hits you from afar with a +0 halberd!
The wall freezes the gnoll but does no damage.
The gnoll misses you. Magic courses through your body.
The gnoll bouda gazes fiercely through you!
You feel your attacks grow feeble.
The wall freezes the gnoll.
You kill the gnoll!
The wall freezes the gnoll.
You kill the gnoll!
Your Conjurations skill increases to level 3!
You have reached level 5!
Casting: Freeze (safe; 1% risk of failure)
Confirm with . or Enter, or press ? or * to list all spells.
The spell is extremely dangerous to miscast (28% risk of failure)!
Continue anyway?
Casting: Hailstorm (extremely dangerous; 28% risk of failure)
Press: ? - help, Dir - look around, f - activate You miscast Hailstorm.
You are very lightly contaminated with residual magic.
Nothing appears to happen.
Unknown command.
Casting: Hailstorm (extremely dangerous; 28% risk of failure)
Confirm with . or Enter, or press ? or * to list all spells.
The spell is extremely dangerous to miscast (28% risk of failure)!
Continue anyway?
Casting: Hailstorm (extremely dangerous; 28% risk of failure)
Press: ? - help, Dir - look around, f - activate You miscast Hailstorm.
You are blasted with magical energy!
* * * LOW HITPOINT WARNING * * *
The gnoll hits you from afar with a +0 halberd.
* * * LOW HITPOINT WARNING * * *
Unknown command.
Okay, then.
It was a potion of curing.
You feel better.
The wall freezes the gnoll bouda.
The gnoll bouda hits you with a +0 club!
* * * LOW HITPOINT WARNING * * *
The gnoll hits you from afar with a +0 halberd!
You die...

..... , .. ......... *
o......#.....##....#..#...
**
.............*#.#.#...#..
*
.##......(..###.#.#.....#
*, ...............#......
, ..†>.........)...#...
#)g.......#....#####
#.g)......##..## # *
#@..#.......# *
##..#.......#
###.......[##
##...........#
#...........##
##.........###
##.#........#
####.#.....## ##........#


You could see a gnoll bouda and a gnoll (swift).

Vanquished Creatures
  4 gnolls
  3 adders
  A dart slug (D:4)
  2 bats (D:3)
  A giant cockroach (D:4)
  7 hobgoblins
  A quokka (D:1)
  A ball python (D:2)
  A frilled lizard (D:3)
  6 goblins
  2 kobolds
  2 rats (D:3)
31 creatures vanquished.

Notes
Turn   | Place    | Note
-------+----------+-------------------------------------------
     0 | D:1      | hawla the Meteoran Ice Elementalist began the quest for the
                  | Orb.
     0 | D:1      | Reached XP level 1. HP: 14/14 MP: 5/5
    14 | D:1      | Found a faded altar of an unknown god.
    38 | D:2      | Reached XP level 2. HP: 15/20 MP: 3/6
   118 | D:3      | Reached skill level 5 in Ice Magic
   118 | D:3      | Reached XP level 3. HP: 26/26 MP: 4/8
   205 | D:4      | Noticed Blork the orc
   214 | D:3      | Learned a level 3 spell: Frozen Ramparts
   246 | D:3      | You fall into a shaft and drop 1 floor!
   251 | D:3      | HP: 1/26 [gnoll/+0 club[a gnoll bouda] (6)]
   254 | D:3      | Reached XP level 4. HP: 2/33 MP: 0/9
   313 | D:3      | Learned a level 4 spell: Hailstorm
   334 | D:3      | Reached skill level 1 in Conjurations
   396 | D:3      | Found a bloodstained altar of Trog.
   496 | D:4      | Reached XP level 5. HP: 18/38 MP: 10/10
   498 | D:4      | HP: 1/38 [gnoll bouda/+0 club (8)]
   498 | D:4      | Mangled by a gnoll

Illustrated notes

Levels and vault maps discovered:
D:1:      minmay_arrival_up_and_down, layout_loops_cross,
          shapermc_ecumenical_altar_mp_ritualfount, minmay_surrounded
D:2:      layout_basic, minmay_pentomino_t4
D:3:      layout_rooms, trog_hazing_becter
D:4:      layout_cave_pools, uniq_blork_the_orc

Skill      XL: |  1  2  3  4 |
---------------+-------------+-----
Ice Magic      | 5 |  5.4
Spellcasting   | 3 |  3.2
Conjurations   | 3 |  3.0
Dodging        | |  2.5
Stealth        | |  1.4

Action                   |  1- 3 |  4- 6 || total
-------------------------+-------+-------++-------
Melee: Unarmed           |     1 |     4 ||     5
 Cast: Freeze            |    21 |    13 ||    34
       Frozen Ramparts   |     1 |     2 ||     3
       Hailstorm         |       |     2 ||     2
  Use: Scroll            |     3 |       ||     3
       Potion            |       |     2 ||     2
Armor: Robe              |     1 |     8 ||     9
Dodge: Dodged            |     8 |     9 ||    17
